AoeStats
← DubGetter1400

Arabia

509148609Analyzed
1v1 RM · 6d ago on Sep 25, 2026· 19m 22s· 2 players
Game mode
Random Map
Map size
Tiny (2 player)
Population
200
Speed
Normal
Resources
Standard
Victory
Conquest
Starting age
Dark Age
Ending age
Imperial Age
RankedLock teamsTeams togetherTeam positionsShared explorationLock speedFull tech treeHidden civsTurbo modeCheats
Victory
Defeat
🇺🇸 Saxons · United States
1265
+15
🇲🇽 Turks · Mexico
1240
-15
Elpinchecharly
6:11 Loom
7:52 Loom
10:47 Feudal Age
12:08 Double-Bit Axe
17:13 Bloodlines
18:21 Town Watch
DubGetter1400
8:59 Loom
10:44 Feudal Age
15:33 Castle Age
13:27 Double-Bit Axe
16:11 Scale Mail Armor
16:55 Bow Saw
18:09 Fletching
20:05 Chain Mail Armor
Connection lost

Rejoining the realm…

Still unreachable

The connection could not be restored.

Session expired

The server has moved on; the page needs a fresh start.